 Dungeon Crawl Stone Soup version 0.30.0-5-g1a98f26d00 (webtiles) character file.

Game seed: 18372486857113432882

209 retardedninja the Firebug (level 5, -1/57 HPs)
             Began as a Gnoll Fire Elementalist on May 12, 2023.
             Was an Initiate of Cheibriados.
             Slain by Edmund
             ... wielding a +3 dire flail of protection
              (9 damage)
             ... on level 4 of the Dungeon.
             The game lasted 00:06:02 (2636 turns).

retardedninja the Firebug (Gnoll Fire Elementalist) Turns: 2636, Time: 00:06:02

Health: -1/57      AC: 22    Str:  9    XL:     5   Next: 87%
Magic:  12/12      EV:  2    Int: 17    God:    Cheibriados [......]
Gold:   78         SH:  0    Dex: 13    Spells: 13/14 levels left

rFire   . . .        g - +0 spear
rCold   . . .        (no shield)
rNeg    . . .        a - melded +0 robe
rPois   +            (helmet currently unavailable)
rElec   .            (cloak currently unavailable)
rCorr   .            (gloves currently unavailable)
SInv    .            (boots currently unavailable)
Will    .....        d - amulet of magic regeneration
Stlth   +++          (no ring)
HPRegen 0.29/turn    (no ring)
MPRegen 0.53/turn

%: no passive effects
@: tree-form, attractive, very slow
A: stationary, stasis, torment immunity, boosted hp, (fangs 1), strong nose,
distributed training
a: Renounce Religion


You were on level 4 of the Dungeon.
You worshipped Cheibriados.
Cheibriados was noncommittal.
You were a tree.
You visited 2 branches of the dungeon, and saw 5 of its levels.

You collected 78 gold pieces.

Inventory:

Hand Weapons
 g - a +0 spear (weapon)
Missiles
 i - 3 throwing nets
Armour
 a - a +0 robe (melded)
 o - a +0 pair of gloves
Jewellery
 d - an amulet of magic regeneration (around neck)
 j - a +4 ring of protection
 q - a ring of positive energy
Scrolls
 e - 3 scrolls of immolation
 h - 2 scrolls of fog
 k - 3 scrolls of teleportation
 m - a scroll of identify
 n - a scroll of magic mapping {unknown}
 p - a scroll of fear {unknown}
 r - a scroll of amnesia {unknown}
Potions
 b - a potion of magic
 l - a potion of lignification


   Skills:
 + Level 1.7 Fighting
 + Level 1.7 Short Blades
 + Level 1.7 Long Blades
 + Level 1.7 Axes
 + Level 1.7 Maces & Flails
 + Level 1.7 Polearms
 + Level 1.7 Staves
 + Level 1.7 Ranged Weapons
 + Level 1.7 Throwing
 + Level 1.7 Armour
 + Level 4.9 Dodging
 + Level 4.5 Stealth
 + Level 1.7 Shields
 + Level 1.7 Unarmed Combat
 + Level 5.3 Spellcasting
 + Level 2.5 Conjurations
 + Level 1.3 Hexes
 + Level 1.3 Summonings
 + Level 1.3 Necromancy
 + Level 1.3 Translocations
 + Level 1.3 Transmutations
 + Level 5.6 Fire Magic
 + Level 1.3 Ice Magic
 + Level 1.3 Air Magic
 + Level 1.3 Earth Magic
 + Level 1.3 Poison Magic
 + Level 2.0 Invocations
 + Level 1.7 Evocations


You had 13 spell levels left.
You knew the following spells:

 Your Spells              Type           Power      Damage    Failure   Level
a - Foxfire               Conj/Fire      72%        2x1d7     2%          1

Your spell library contained the following spells:

 Spells                   Type           Power      Damage    Failure   Level
 Scorch                   Fire           46%        2d7       1%          2
 Inner Flame              Hex/Fire       16%        N/A       10%         3
 Volatile Blastmotes      Fire/Tloc      32%        2d12      10%         3
 Flame Wave               Conj/Fire      18%        2d7       26%         4


Dungeon Overview and Level Annotations

Branches:
Dungeon (4/15)             Temple (1/1) D:4

Altars:
Ashenzari
Cheibriados
Elyvilon
Gozag
Hepliaklqana
Nemelex Xobeh
Okawaru
Qazlal
Ru
Uskayaw
Vehumet
Wu Jian
Zin
The Shining One
Lugonu

Shops:
D:3 *

Annotations:
D:4 Edmund


Innate Abilities, Weirdness & Mutations

You are a tree.
Your roots penetrate the ground, keeping you stationary.
You cannot be teleported.
You are immune to unholy pain and torment.
Your maximum health is greatly increased.
Your equipment is partially melded.
((You have very sharp teeth.))
Your uncanny sense of smell can sniff out nearby items.
Your experience applies equally to all skills.


Message History

Press: ? - help, Q - select action, (/) - cycle Dir - look around, f - activate You conjure some foxfire!
The adder bites you but does no damage. Edmund hits you but does no damage.
The foxfire hits Edmund but does no damage.
Edmund is heavily wounded.
The foxfire hits Edmund but does no damage.
Edmund is heavily wounded.
The adder bites you but does no damage.
Edmund hits you with a +3 dire flail of protection.
* * * LOW HITPOINT WARNING * * *
It was a potion of attraction.
You feel attractive to monsters. The adder bites you but does no damage.
Edmund hits you but does no damage. The adder bites you but does no damage.
Okay, then.
As you read the scroll labelled VALUKY XEYJOPS, it crumbles to dust.
The scroll dissolves into smoke.
It was a scroll of fog.
The adder bites you but does no damage. Edmund barely misses you.
Okay, then.
Casting: Foxfire (safe; 2% risk of failure)
Press: ? - help, Q - select action, (/) - cycle Dir - look around, f - activate You conjure some foxfire!
The adder bites you but does no damage. Edmund hits you but does no damage.
The foxfire hits Edmund but does no damage.
Edmund is heavily wounded.
The foxfire hits Edmund but does no damage.
Edmund is heavily wounded.
The adder bites you.
* * * LOW HITPOINT WARNING * * *
Edmund hits you with a +3 dire flail of protection.
* * * LOW HITPOINT WARNING * * *
As you read the scroll labelled PIEDWO QOSCHUEF, it crumbles to dust.
It is a scroll of identify.
e - 3 scrolls of immolation The adder bites you but does no damage. x2; Edmund hits you but does no damage.
As you read the scroll labelled DOYNAX ROT LUDIQE, it crumbles to dust.
You feel a strange sense of stasis.
It was a scroll of teleportation.
The adder bites you but does no damage.
Edmund hits you with a +3 dire flail of protection!
You die...

.. .†. ... ...# ...#
....# ....# ##....#
.....#####.....##
#.............!..
#....§§§§§.......
#...§§@S§....###
#...§§♣###...# 8#
#...§§§###..## #$#
##...§§§§....# 8#8.
##............#
.....##.......####..#
#...#........## ..#
###...........## .#
.............## .
............##


You could see Edmund and an adder.

Vanquished Creatures
  2 hounds
  An iguana (D:4)
  3 adders
  2 worms
  2 dart slugs
  5 orcs (D:3)
  8 endoplasms
  3 giant cockroaches
  17 goblins
  5 hobgoblins
  3 quokkas
  6 ball pythons
  6 bats
  5 frilled lizards
  7 kobolds
  3 rats (D:1)
78 creatures vanquished.

Vanquished Creatures (others)
  418 foxfires
418 creatures vanquished.

Grand Total: 496 creatures vanquished

Notes
Turn   | Place    | Note
-------+----------+-------------------------------------------
     0 | D:1      | retardedninja the Gnoll Fire Elementalist began the quest
                  | for the Orb.
     0 | D:1      | Reached XP level 1. HP: 13/13 MP: 6/6
   284 | D:1      | Reached XP level 2. HP: 19/19 MP: 7/7
   525 | D:1      | Reached skill level 5 in Spellcasting
   525 | D:1      | Reached XP level 3. HP: 25/25 MP: 7/9
   820 | D:1      | Reached skill level 1 in Invocations
  1301 | D:2      | Reached skill level 1 in Fighting
  1301 | D:2      | Reached skill level 1 in Short Blades
  1301 | D:2      | Reached skill level 1 in Long Blades
  1301 | D:2      | Reached skill level 1 in Axes
  1301 | D:2      | Reached skill level 1 in Maces & Flails
  1301 | D:2      | Reached skill level 1 in Polearms
  1301 | D:2      | Reached skill level 1 in Staves
  1301 | D:2      | Reached skill level 1 in Ranged Weapons
  1301 | D:2      | Reached skill level 1 in Throwing
  1301 | D:2      | Reached skill level 1 in Armour
  1301 | D:2      | Reached skill level 1 in Shields
  1301 | D:2      | Reached skill level 1 in Unarmed Combat
  1301 | D:2      | Reached skill level 1 in Evocations
  1359 | D:2      | Found a hazy altar of Hepliaklqana.
  1388 | D:2      | Reached skill level 1 in Hexes
  1388 | D:2      | Reached skill level 1 in Summonings
  1388 | D:2      | Reached skill level 1 in Necromancy
  1388 | D:2      | Reached skill level 1 in Translocations
  1388 | D:2      | Reached skill level 1 in Transmutations
  1388 | D:2      | Reached skill level 1 in Ice Magic
  1388 | D:2      | Reached skill level 1 in Air Magic
  1388 | D:2      | Reached skill level 1 in Earth Magic
  1388 | D:2      | Reached skill level 1 in Poison Magic
  1388 | D:2      | Reached XP level 4. HP: 32/32 MP: 11/11
  1798 | D:3      | Reached XP level 5. HP: 37/37 MP: 12/12
  1837 | D:3      | Found an iron altar of Okawaru.
  1838 | D:3      | Found a white marble altar of Elyvilon.
  2134 | D:3      | Found a glowing golden altar of the Shining One.
  2227 | D:3      | Found an opulent altar of Gozag.
  2230 | D:3      | Found Gozag's Platinum Reserve.
  2330 | D:3      | Identified the +1 leather armour of Past Mistakes {rN+}
  2484 | D:4      | Found a staircase to the Ecumenical Temple.
  2518 | Temple   | Entered the Ecumenical Temple
  2551 | Temple   | Became a worshipper of Cheibriados the Contemplative
  2607 | D:4      | Noticed Edmund
  2636 | D:4      | Slain by Edmund

Illustrated notes

Levels and vault maps discovered:
D:1:      dpeg_arrival_fog, layout_basic, nrook_mini_backslash
D:2:      layout_basic, basic_altar
D:3:      layout_loops_ring, mainiacjoe_overflow_catch_the_wave,
          nicolae_gozag_zags_fifth_avenue,
          mainiacjoe_overflow_concentric_impassable, minmay_goblin_outpost
D:4:      layout_layer_cave, mainiacjoe_overflow_surrounded_room,
          minmay_temple_entry_arrows, serial_shops, shop, kennysheep_little_box,
          minmay_statues_item, skrybe_limestone_x, item_on_display_a,
          uniq_eustachio, uniq_edmund, uniq_ijyb
Temple:   corrupted_temple

Skill      XL: |  1  2  3  4  5 |
---------------+----------------+-----
Conjurations   | 2 |  2.5
Spellcasting   | 5 |  5.3
Invocations    | 1 2 |  2.0
Fighting       | 1 |  1.7
Short Blades   | 1 |  1.7
Long Blades    | 1 |  1.7
Axes           | 1 |  1.7
Maces & Flails | 1 |  1.7
Polearms       | 1 |  1.7
Staves         | 1 |  1.7
Ranged Weapons | 1 |  1.7
Throwing       | 1 |  1.7
Armour         | 1 |  1.7
Shields        | 1 |  1.7
Unarmed Combat | 1 |  1.7
Evocations     | 1 |  1.7
Hexes          | 1 |  1.3
Summonings     | 1 |  1.3
Necromancy     | 1 |  1.3
Translocations | 1 |  1.3
Transmutations | 1 |  1.3
Ice Magic      | 1 |  1.3
Air Magic      | 1 |  1.3
Earth Magic    | 1 |  1.3
Poison Magic   | 1 |  1.3
Dodging        | |  4.9
Stealth        | |  4.5
Fire Magic     | |  5.6

Action                     |  1- 3 |  4- 6 || total
---------------------------+-------+-------++-------
   Cast: Foxfire           |   139 |   107 ||   246
    Use: Scroll            |       |     3 ||     3
         Potion            |       |     3 ||     3
 Armour: Robe              |     1 |       ||     1
         Skin              |       |    28 ||    28
  Dodge: Dodged            |     3 |    18 ||    21
